 BcadrenCrawl: Boulder Brew version 0.04.11-12-g2372ce9741 (webtiles) character file.

Game seed: 1138236723048609362, levelgen mode: deterministic

163 Lanoc the Twirler (level 5, -2/35 HPs) Lignifite Demonspawn. Began on Apr 14, 2021. Engulfed by a cloud of steam (24 damage) ... on level 2 of the Dungeon. The game lasted 00:04:59 (1310 turns).

Lanoc the Twirler (Lignifite Demonspawn)            Turns: 1310, Time: 00:05:00

Health: -2/35      AC:  2    Str: 20    XL:     5 ^: 146
Magic:  3/8        EV: 14    Int: 13    God:
Gold:   11         SH:  3    Dex:  8    Spells: 5/6 levels left

rFire    x . .     Vision   .   a - +0 morningstar
rCold    . . .     Gourm    .   f - +0 buckler
rNeg     . . .     Faith    .   b - +0 robe
rPois    +         Spirit   .   (helmet restricted)
rElec    .         Reflect  .   (no cloak)
rCorr    .         Harm     .   (gloves unavailable)
MR       .....                  (boots unavailable)
Stlth    +.........             (no amulet)
HPRegen  0.21/turn              (no ring)
MPRegen  0.18/turn              (no ring)

@: very slightly contaminated, very slow
A: small, rF-, antennae 1, rough rugged bark 1, deformed body, speed 2, poison
resistance, slow metabolism 1, torment resistance, plant, rot immunity
a: no special abilities


You were on level 2 of the Dungeon.
You were not hungry.

You visited 1 branch of the dungeon, and saw 2 of its levels.

You collected 11 gold pieces.

Inventory:

Weapons
 a - a +0 morningstar (weapon) Shields
 f - a +0 buckler (shield)
Armour
 b - a +0 robe (worn)
Scrolls
 c - a scroll of summoning
 e - a scroll of torment
Potions
 g - 2 potions of curing
Comestibles
 d - 4 rations


   Skills:
 + Level 2.2 Fighting
 * Level 4.0 Maces & Staves
 + Level 3.3 Dodging
 - Level 1.7 Stealth
 + Level 1.0 Shields
 - Level 1.1 Spellcasting
 - Level 1.5 Fire Magic
   Level 3.0 Invocations


You had 5 spell levels left.
You knew the following spells:

 Your Spells              Type           Power        Failure   Level  Hunger
a - Flame Tongue          Fire           4 (30)       22%         1    ##.....

Your spell library contained the following spells:

 Spells                   Type           Power        Failure   Level  Hunger
 Blink                    Tloc           N/A          54%         2    ###....
 Call Imp                 Summ           0 (100)      54%         2    ###....
 Slow                     Hex            0 (100)      54%         2    ###....
 Conjure Flame            Fire           4 (100)      54%         3    ####...
 Mephitic Cloud           Pois/Air       0 (100)      77%         3    ####...


Dungeon Overview and Level Annotations

Branches:
Dungeon (2/8)

Altars:


Innate Abilities, Weirdness & Mutations

Your woody flesh burns easily. (rF-)
A tangle of shorter branches protects your body from attack. (+2 SH)
You are small and have problems with some larger weapons.
You have a pair of small antennae on your head.
You are partially covered in rough rugged bark. (AC +1, +3% HP)
Armour fits poorly on your strangely shaped body.
You cover ground very quickly.
Your system is resistant to poisons. (rPois)
You have a slow metabolism.
You are immune to unholy pain and torment.
You require very little carbon dioxide to survive.
You are immune to rotting.


Message History

You hear a splash.
The kobold misses you (0).
The kobold hits the slimehead but does no damage.
You barely miss the kobold.
The kobold splashes around in the water.
The kobold barely misses the slimehead (0).
Casting: Flame Tongue (safe; 22% risk of failure)
Confirm with . or Enter, or press ? or * to list all spells.
Aiming: Flame Tongue (safe; 22% risk of failure)
Press: ? - help, Shift-Dir - straight line, f - big kobold
Aim: a big kobold (healthy (28/28))
The flame tongue hits the big kobold (2).
The big kobold is lightly wounded. (26/28) HP You are engulfed in a cloud of scalding steam (10)!
The kobold hits the slimehead with a +0 dagger (1).
You thump the big kobold (13)!
The big kobold is heavily wounded. (13/28) HP You are engulfed in a cloud of scalding steam (24)!!
Ouch! That really hurt!
You die...

#≈........##≈≈≈≈≈≈PP#
#.........###≈b≈≈≈≈P≈#
#...≈#.....≈<.≈≈≈≈≈≈P#
##≈≈##........≈≈≈≈≈≈≈###
### #≈.......≈≈≈≈≈≈≈..#
####≈......≈≈≈≈≈≈.#..
##≈.#≈....#)≈≈≈≈≈≈b...
#>.$.≈##.≈#≈≈§≈≈≈≈....
#.≈...##.$#≈§)@≈≈b....
#....≈##.#?.K;≈≈≈≈###
##.....≈...§KK≈≈≈...#
##..<≈.≈.†≈bK≈≈...≈#
#$.##†#.≈≈≈.≈≈≈≈..#≈
≈..≈......≈≈≈...≈≈≈≈..
.≈.≈≈≈.≈≈.≈≈≈≈≈...≈≈≈≈.
.≈..≈..≈≈..≈≈≈..≈..≈≈≈.
≈≈≈...≈≈≈≈.≈≈≈.≈≈≈.


You could see a big kobold, 3 kobolds and a neutral slimehead (wandering)
(passive).

Vanquished Creatures
  2 jellies
  3 giant cockroaches (D:1)
  A sewer rat (D:2)
  2 oozes
  A dart slug (D:1)
  3 leopard geckos
  8 bats
  3 goblins (D:1)
  5 hobgoblins (D:1)
  8 kobolds
  2 ball pythons (D:2)
  5 rats (D:1)
  A rat skeleton (D:2)
44 creatures vanquished.

Vanquished Creatures (others)
  A giant blowfly (D:2)
  13 withered plants (D:2)
14 creatures vanquished.

Grand Total: 58 creatures vanquished

Notes
Turn   | Place    | Note
-------+----------+-------------------------------------------
     0 | D:1      | Lanoc the Lignifite Demonspawn began the quest for the Orb.
     0 | D:1      | Reached XP level 1. HP: 13/13 MP: 4/4
    76 | D:1      | Gained mutation: You have a pair of small antennae on your
                  | head. [demonic ancestry]
    76 | D:1      | Reached XP level 2. HP: 17/18 MP: 5/5
    94 | D:1      | Reached skill level 3 in Maces & Staves
    94 | D:1      | Reached XP level 3. HP: 22/23 MP: 6/6
   320 | D:1      | Gained mutation: You are partially covered in rough rugged
                  | bark. (AC +1, +3% HP) [demonic ancestry]
   320 | D:1      | Reached XP level 4. HP: 14/29 MP: 7/7
  1217 | D:2      | Noticed a big kobold
  1220 | D:2      | Reached skill level 4 in Maces & Staves
  1220 | D:2      | Reached skill level 1 in Shields
  1220 | D:2      | Reached XP level 5. HP: 35/35 MP: 6/8
  1310 | D:2      | Engulfed by a cloud of steam

Levels and vault maps discovered:
D:1:      minmay_arrival_wavy_path, layout_basic, st_stairs_1
D:2:      layout_sewer, xom_butterflies, minmay_octomino_j4

Skill      XL: |  1  2  3  4 |
---------------+-------------+-----
Maces & Staves | 3 4 |  4.0
Dodging        | 3 |  3.3
Fighting       | 2 |  2.2
Shields        | 1 |  1.0
Stealth        | |  1.7
Spellcasting   | |  1.1
Fire Magic     | |  1.5
Invocations    | |  3.0

Action                   |  1- 3 |  4- 6 || total
-------------------------+-------+-------++-------
Melee: Morningstar       |    74 |    75 ||   149
       Unarmed           |    43 |       ||    43
 Cast: Flame Tongue      |       |    19 ||    19
 Stab: Sleeping          |     1 |       ||     1
Armor: Robe              |     6 |    14 ||    20
Dodge: Dodged            |    87 |   106 ||   193
Block: Buckler           |     4 |     7 ||    11
       Other             |     3 |       ||     3
